 Dungeon Crawl Stone Soup version 0.29-a0-824-gd827844252 (webtiles) character file.

Game seed: 15149239075290305092

40 jimonade the Conjurer (level 3, 0/25 HPs)
             Began as a Gnoll Conjurer on July 11, 2022.
             Slain by Crazy Yiuf
             ... wielding a +3 quarterstaff of chaos
              (2 damage)
             ... on level 2 of the Dungeon.
             The game lasted 00:03:00 (1884 turns).

jimonade the Conjurer (Gnoll Conjurer)              Turns: 1884, Time: 00:03:03

Health: 0/25       AC:  2    Str:  8    XL:     3   Next: 50%
Magic:  9/9        EV: 13    Int: 20    God:
Gold:   90         SH:  0    Dex: 10    Spells: 9/12 levels left

rFire   x . .      SeeInvis .   n - +1 whip of Dist {drain, Fly rElec rF- Int+3}
rCold   . . .      Faith    .   (no shield)
rNeg    . . .      Spirit   .   a - +0 robe
rPois   .          Reflect  .   (no helmet)
rElec   +          Harm     .   (no cloak)
rCorr   .          Rampage  .   (no gloves)
Will    .....                   (no boots)
Stlth   ++........              (no amulet)
HPRegen 0.08/turn               (no ring)
MPRegen 0.11/turn               (no ring)

@: lethally poisoned (0 -> -10), flying
A: fangs 1, strong nose, distributed training
a: no special abilities


You were on level 2 of the Dungeon.
You visited 1 branch of the dungeon, and saw 2 of its levels.

You collected 90 gold pieces.

Inventory:

Hand Weapons
 h - a +0 whip
 k - a +0 hand axe
 n - the +1 whip of Dist (weapon) {drain, Fly rElec rF- Int+3}
   (You found it on level 2 of the Dungeon)

   A truly terrible weapon, it drains the life of any living foe it strikes.
   Int:       It affects your intelligence (+3).
   rF:        It makes you vulnerable to fire.
   rElec:     It insulates you from electricity.
   Fly:       It grants you flight.
Missiles
 i - 13 stones
Armour
 a - a +0 robe (worn)
 l - a +0 leather armour
Jewellery
 m - a ring of wizardry
Scrolls
 c - a scroll of summoning {unknown}
 j - 2 scrolls of identify {unknown}
Potions
 b - a potion of magic
 d - a potion of cancellation {unknown}
 e - a potion of haste {unknown}
 f - a potion of curing {unknown}
 g - 2 potions of heal wounds {unknown}


   Skills:
 + Level 0.9 Fighting
 + Level 0.9 Short Blades
 + Level 0.9 Long Blades
 + Level 0.9 Axes
 + Level 0.9 Maces & Flails
 + Level 0.9 Polearms
 + Level 0.9 Staves
 + Level 0.9 Ranged Weapons
 + Level 0.9 Throwing
 + Level 0.9 Armour
 + Level 4.5 Dodging
 + Level 4.2 Stealth
 + Level 0.9 Shields
 + Level 0.9 Unarmed Combat
 + Level 5.0 Spellcasting
 + Level 7.1 Conjurations
 + Level 0.6 Hexes
 + Level 0.6 Summonings
 + Level 0.6 Necromancy
 + Level 0.6 Translocations
 + Level 0.6 Transmutations
 + Level 0.6 Fire Magic
 + Level 0.6 Ice Magic
 + Level 0.6 Air Magic
 + Level 0.6 Earth Magic
 + Level 0.6 Poison Magic
 + Level 1.0 Invocations
 + Level 0.9 Evocations


You had 9 spell levels left.
You knew the following spells:

 Your Spells              Type           Power      Damage    Failure   Level
a - Magic Dart            Conj           100%       1d8       1%          1
b - Searing Ray           Conj           66%        2d6       1%          2

Your spell library contained the following spells:

 Spells                   Type           Power      Damage    Failure   Level
 Dazzling Flash           Conj/Hex       40%        N/A       7%          3
 Fulminant Prism          Conj/Hex       10%        3d9       24%         4
 Iskenderun's Mystic Bla  Conj/Tloc      20%        2d6       24%         4


Dungeon Overview and Level Annotations

Branches:
Dungeon (2/15)

Altars:

Shops:
D:2 (

Annotations:
D:2 Crazy Yiuf


Innate Abilities, Weirdness & Mutations

You have very sharp teeth.
Your uncanny sense of smell can sniff out nearby items.
Your experience applies equally to all skills.


Message History

n - the +1 whip of Dist {drain, Fly rElec rF- Int+3} You feel clever.
You fly up into the air.
You sense an unholy aura.
n - the +1 whip of Dist (weapon)
{drain, Fly rElec rF- Int+3} An adder comes into view.
The adder moves out of view.
A giant cockroach comes into view.
You hit the giant cockroach.
The giant cockroach is almost dead.
The giant cockroach barely misses you.
You hit the giant cockroach but do no damage.
Your bite misses the giant cockroach.
The giant cockroach is almost dead.
The giant cockroach bites you.
You closely miss the giant cockroach. You bite the giant cockroach.
You kill the giant cockroach!
HP restored.
Found a runed translucent door.
You reach down and open the door.
There is an open translucent door here.
The helpless Crazy Yiuf fails to defend himself.
You hit Crazy Yiuf but do no damage. You drain Crazy Yiuf.
Crazy Yiuf is lightly wounded.
Crazy Yiuf barely misses you.
You barely miss Crazy Yiuf.
Crazy Yiuf is lightly wounded.
Crazy Yiuf hits you with a +3 quarterstaff of chaos!
You are lethally poisoned!
You hit Crazy Yiuf but do no damage.
Crazy Yiuf is lightly wounded.
You feel very sick. Crazy Yiuf misses you.
You are too injured to fight recklessly!
You hit Crazy Yiuf.
Crazy Yiuf is moderately wounded.
You feel very sick.
Crazy Yiuf hits you with a +3 quarterstaff of chaos!
* * * LOW HITPOINT WARNING * * *
Crazy Yiuf freezes you.
You die...

# #<# # #.#
# #.# ####.#
.....#
....##
###.####
#####
.......#
#.g)#
###.##.#
#.@.# #.##.#
#...# #.##.#
##'## #.##.#
♣♣.♣ #.##.#
♣.♣♣
#.##.#####
♣♣.♣
###.##.....#
♣.♣♣
....##..####
♣♣.♣♣
####.....###
♣...♣♣


You could see Crazy Yiuf (very drained).

Vanquished Creatures
  2 dart slugs (D:1)
  4 ball pythons (D:1)
  A giant cockroach (D:2)
  4 goblins
  2 hobgoblins (D:1)
  4 jackals (D:1)
  3 kobolds (D:1)
  A quokka (D:1)
  5 bats
  3 frilled lizards (D:1)
  4 rats (D:1)
33 creatures vanquished.

Notes
Turn   | Place    | Note
-------+----------+-------------------------------------------
     0 | D:1      | jimonade the Gnoll Conjurer began the quest for the Orb.
     0 | D:1      | Reached XP level 1. HP: 13/13 MP: 6/6
   231 | D:1      | Reached XP level 2. HP: 19/19 MP: 5/7
   578 | D:1      | Learned a level 2 spell: Searing Ray
   880 | D:1      | Reached skill level 5 in Spellcasting
   880 | D:1      | Reached XP level 3. HP: 25/25 MP: 6/9
  1164 | D:1      | Reached skill level 1 in Invocations
  1220 | D:1      | Found a faded altar of an unknown god.
  1789 | D:2      | Found Xuocvuwn's Weapon Boutique.
  1801 | D:2      | Identified the +1 whip of Dist {drain, Fly rElec rF- Int+3}
  1873 | D:2      | Found a runed translucent door.
  1874 | D:2      | Noticed Crazy Yiuf
  1884 | D:2      | Slain by Crazy Yiuf

Illustrated notes

Levels and vault maps discovered:
D:1:      sevenhm_arrival_forest_fort_large_2, layout_basic,
          dreamdust_ecumenical_altar_angels_and_demons, serial_co_window_serial,
          co_window_paths_a, co_window_paths_b, co_window_paths_b,
          co_window_of_opportunity_a, co_window_corner_a, co_window_corner_a,
          co_window_paths_a, co_window_corner_ca, co_window_broadway_a,
          co_window_cross_3, co_window_unsneaky_path_c, co_window_2corner,
          glass_columns_c, glass_columns_a, glass_columns_b
D:2:      layout_loops_ring, serial_shops, nicolae_lakefront_shop, shop_statue,
          uniq_natasha, uniq_crazy_yiuf_cottage

Skill      XL: |  1  2  3 |
---------------+----------+-----
Spellcasting   | 5 |  5.0
Invocations    | 1 |  1.0
Fighting       | |  0.9
Short Blades   | |  0.9
Long Blades    | |  0.9
Axes           | |  0.9
Maces & Flails | |  0.9
Polearms       | |  0.9
Staves         | |  0.9
Ranged Weapons | |  0.9
Throwing       | |  0.9
Armour         | |  0.9
Dodging        | |  4.5
Stealth        | |  4.2
Shields        | |  0.9
Unarmed Combat | |  0.9
Conjurations   | |  7.1
Hexes          | |  0.6
Summonings     | |  0.6
Necromancy     | |  0.6
Translocations | |  0.6
Transmutations | |  0.6
Fire Magic     | |  0.6
Ice Magic      | |  0.6
Air Magic      | |  0.6
Earth Magic    | |  0.6
Poison Magic   | |  0.6
Evocations     | |  0.9

Action                   || total
-------------------------++-------
Melee: Whip              ||    23
       Bite              ||     1
 Cast: Magic Dart        ||    41
 Stab: Sleeping          ||     3
Armor: Robe              ||     1
Dodge: Dodged            ||    21

Table legend: (Time is in decaauts)
 A = Elapsed time spent in this place.
 B = Non-inter-level travel time spent in this place.
 C = Inter-level travel time spent in this place.
 D = Time resting spent in this place.
 E = Time spent auto-exploring this place.
 F = Levels seen in this place.
 G = Mean time per level.
                   A        B        C        D        E       F      G
               +--------+--------+--------+--------+--------+-----+--------+
         Total |   1884 |   1801 |     83 |    173 |   1378 |   2 |  942.0 |
       Dungeon |   1884 |   1801 |     83 |    173 |   1378 |   2 |  942.0 |
               +--------+--------+--------+--------+--------+-----+--------+

Top non-repeatable levels by time:
     D:1: 1726 daAuts
     D:2: 157 daAuts
